 Dungeon Crawl Stone Soup version 0.29.1-2-gbd0b4ee654 (webtiles) character file.

Game seed: 10824466759692942864

35385 Explode1 the Tortoise (level 13, -1/142 HPs)
             Began as a Minotaur Berserker on Nov 2, 2022.
             Was an Elder of Trog.
             Slain by Urug
             ... wielding a +5 eveningstar
              (23 damage)
             ... on level 5 of the Lair of Beasts.
             The game lasted 01:18:17 (20257 turns).

Explode1 the Tortoise (Minotaur Berserker)         Turns: 20257, Time: 01:18:17

Health: -1/142     AC: 25    Str: 32    XL:     13   Next: 47%
Magic:  12/12      EV: 14    Int:  4    God:    Trog [****..]
Gold:   1239       SH:  5    Dex: 11    Spells: 12/12 levels left

rFire   + . .      SeeInvis .   r - +4 hand axe (flame)
rCold   . . .      Faith    .   (no shield)
rNeg    . . .      Spirit   .   J - +2 chain mail {rPois}
rPois   +          Reflect  +   (helmet restricted)
rElec   .          Harm     .   (no cloak)
rCorr   .          Rampage  .   (no gloves)
Will    .....                   E - +2 pair of boots
Stlth   ..........              l - amulet of reflection
HPRegen 0.33/turn               B - +4 ring of protection
MPRegen 0.13/turn               e - +6 ring of strength

@: berserking, unable to read, very quick
A: horns 2, retaliatory headbutt, fire resistance 1, inability to read after
injury 1
a: Renounce Religion, Berserk, Trog's Hand, Brothers in Arms


You were on level 5 of the Lair of Beasts.
You worshipped Trog.
Trog was greatly pleased with you.
You visited 3 branches of the dungeon, and saw 19 of its levels.
You also visited: Ossuary.

You collected 1479 gold pieces.
You spent 240 gold pieces at shops.

Inventory:

Hand Weapons
 d - a +2 vorpal spear
 r - a +4 hand axe of flaming (weapon)
 y - the +6 trident of Xom's Castigation {holy, rPois}
   (You found it on level 2 of the Lair of Beasts)

   It has been blessed by the Shining One to cause great damage to the undead
   and demons.
   rPois:     It protects you from poison.
 H - a +0 sling of freezing
 U - a +1 longbow of flaming
Armour
 k - a +1 ring mail
 E - a +2 pair of boots (worn)
 J - a +2 chain mail of poison resistance (worn)
 P - a +2 scale mail of willpower
Jewellery
 e - a +6 ring of strength (right hand)
 l - an amulet of reflection (around neck)
 q - a ring of willpower
 A - a ring of positive energy
 B - a +4 ring of protection (left hand)
 Q - an amulet of faith
 R - an amulet of magic regeneration
Wands
 b - a wand of roots (6)
 c - a wand of mindburst (4)
 u - a wand of flame (13)
 D - a wand of digging (5)
 K - a wand of polymorph (10)
Scrolls
 a - a scroll of poison
 g - 4 scrolls of fog
 j - 9 scrolls of teleportation
 m - 9 scrolls of identify
 v - a scroll of summoning
 w - 4 scrolls of blinking
 x - 5 scrolls of fear
 F - 2 scrolls of enchant armour
 N - 2 scrolls of magic mapping
 S - a scroll of enchant weapon
 T - a scroll of noise {unknown}
Potions
 f - 11 potions of curing
 h - 3 potions of haste
 i - a potion of resistance
 n - 6 potions of heal wounds
 o - 3 potions of attraction
 p - 2 potions of flight
 s - 5 potions of invisibility
 t - 4 potions of brilliance
 z - 2 potions of berserk rage
 C - 4 potions of cancellation
 G - 3 potions of might
 I - a potion of degeneration
 L - 3 potions of lignification
Miscellaneous
 M - a phial of floods
 O - a phial of floods


   Skills:
 - Level 3.6 Fighting
 - Level 14.0 Axes
 - Level 20.1 Armour
 + Level 12.3 Dodging


You had 12 spell levels left.
You didn't know any spells.
Your spell library was empty.

Dungeon Overview and Level Annotations

Branches:
Dungeon (13/15)            Temple (0/1) D:7            Lair (5/5) D:11
 Shoals (0/4) Lair:3       Spider (0/4) Lair:3        Slime (1/5) Lair:4
    Orc (0/2) D:9         Ossuary (visited)
 Vaults: D:13-14

Altars:
Dithmenos
Elyvilon
Hepliaklqana
Kikubaaqudgha
Okawaru
Sif Muna
Vehumet

Shops:
D:7 (   D:9 [   D:11 :

Portals:
Trove: D:12 (give +7 demon trident)

Annotations:
D:10 exclusion: orange crystal statue
D:12 exclusion: ice statue
Lair:5 Urug


Innate Abilities, Weirdness & Mutations

You have a pair of horns on your head.
You reflexively headbutt those who attack you in melee.
Your flesh is heat resistant. (rF+)
You occasionally lose the ability to read scrolls when taking damage.


Message History

You burn the one-headed hydra! You headbutt the one-headed hydra.
The one-headed hydra is severely wounded.
Urug opens the door.
The one-headed hydra closely misses you.
You hit the one-headed hydra but do no damage.
You headbutt the one-headed hydra!
The one-headed hydra is almost dead.
You lop the one-headed hydra's last head off!
You kill the one-headed hydra!
Trog accepts your kill.
Urug throws a javelin.
The javelin completely misses you.
Urug throws a javelin.
The javelin pierces through you.
Urug throws a javelin.
The javelin pierces through you!
You hit Urug. You burn Urug. Your headbutt misses Urug.
Urug is lightly wounded.
Urug hits you with a +5 eveningstar!!
You feel threatened and lose the ability to read scrolls!
You hit Urug but do no damage. You headbutt Urug!
Urug is lightly wounded.
A red film seems to cover your vision as you go berserk!
You feel yourself moving faster!
You feel mighty! Urug hits you with a +5 eveningstar!
* * * LOW HITPOINT WARNING * * *
You barely miss Urug.
Urug is lightly wounded.
Urug misses you. You furiously retaliate!
You headbutt Urug! You slice Urug!! You burn Urug. Your headbutt misses Urug.
Urug is severely wounded.
You slash Urug! You burn Urug.
Urug is almost dead.
You hit Urug but do no damage. Your headbutt misses Urug.
Urug is almost dead.
Urug hits you with a +5 eveningstar!!
* * * LOW HITPOINT WARNING * * *
You closely miss Urug.
Urug is almost dead.
You closely miss Urug. Your headbutt misses Urug.
Urug is almost dead.
Urug hits you with a +5 eveningstar!!
You die...

.#...............#..... ..
.....##....#..........##...
.........#.....#.#.........
.....8...+.#.8.o.....8.....
.'.......#.#........†......
.#.##......#.....#..##.#...
........##.......##........
...#.####.#.#'###o#..####..
..........#.....@......#
................#.....##
...........8.<.8#....##
..........#.....#.......
...........#.8..#.......
...............#......P...
##P...................##..
#..................... ..
#............


You could see Urug.

Vanquished Creatures
  A quicksilver ooze (Slime:1)
  Nessos (Lair:5)
  The ghost of turdburglar the Unseen, a journeyman VSBr of Uskayaw (Lair:3)
  6 hydras
  The ghost of FireHeadGirl the Trooper, a novice DgAM (Lair:1)
  Nergalle (Lair:1)
  2 manticores
  2 ugly things (D:12)
  5 black mambas
  7 elephants
  2 gargoyles (D:12)
  6 cane toads
  5 rime drakes
  10 komodo dragons
  A polar bear (Lair:4)
  6 trolls
  4 blink frogs (Lair:3)
  A hornet (D:8)
  2 slime creatures (D:12)
  19 yaks
  7 wyverns
  2 basilisks
  2 redbacks (Lair:3)
  A fire elemental (Lair:2)
  6 vampire mosquitoes (D:12)
  9 water moccasins
  2 sky beasts
  An ice beast (shapeshifter) (D:10)
  2 orc warriors (D:9)
  2 ice beasts (D:5)
  3 black bears
  An ogre (D:5)
  3 wolves (Lair:3)
  9 centaurs
  A phantom (D:5)
  9 bullfrogs
  2 kobold brigands
  A gnoll sergeant (D:8)
  A scorpion (D:11)
  A water moccasin zombie (Ossuary)
  A wight (Ossuary)
  20 killer bees
  4 howler monkeys
  An electric eel (Lair:1)
  2 bullfrog zombies (Ossuary)
  2 centaur zombies (Ossuary)
  2 jellies
  2 orc priests
  3 hounds
  2 scorpion zombies (Ossuary)
  Natasha (thrice) (D:2)
  3 iguanas
  9 orc wizards
  An ogre zombie (Ossuary)
  A mummy (D:4)
  8 adders
  12 gnolls
  A shadow imp (D:6)
  3 white imps
  An ufetubus (D:6)
  7 adder zombies (Ossuary)
  3 dart slugs
  A worm (D:4)
  32 orcs
  6 bats
  3 endoplasms
  2 giant cockroaches (D:4)
  4 gnoll zombies (Ossuary)
  7 goblins
  5 hobgoblins
  3 jackals (D:1)
  11 kobolds
  4 quokkas
  2 ball pythons
  A frilled lizard (D:2)
  5 hobgoblin zombies
  4 orc zombies (Ossuary)
  A rat (D:1)
  A toadstool (D:1)
331 creatures vanquished.

Vanquished Creatures (collateral kills)
  A fire dragon (Lair:2)
  A boulder beetle (D:12)
  A two-headed ogre (D:10)
  5 yaks (D:10)
  A vampire mosquito (D:12)
  A howler monkey (D:10)
10 creatures vanquished.

Vanquished Creatures (others)
  A human (D:6)
  36 fungi
  46 plants
  4 toadstools (D:1)
87 creatures vanquished.

Grand Total: 428 creatures vanquished

Notes
Turn   | Place    | Note
-------+----------+-------------------------------------------
     0 | D:1      | Explode1 the Minotaur Berserker began the quest for the
                  | Orb.
     0 | D:1      | Reached XP level 1. HP: 19/19 MP: 0/0
   186 | D:1      | Found a faded altar of an unknown god.
   568 | D:1      | Reached XP level 2. HP: 26/26 MP: 1/1
   827 | D:2      | Reached skill level 5 in Axes
   869 | D:2      | Noticed Natasha
   885 | D:2      | Killed Natasha
   886 | D:2      | Reached XP level 3. HP: 28/31 MP: 2/2
   897 | D:2      | Noticed Natasha
   921 | D:2      | Killed Natasha
   922 | D:2      | Reached XP level 4. HP: 32/39 MP: 3/3
  1070 | D:2      | Noticed Natasha
  1305 | D:2      | Reached ** piety under Trog
  1771 | D:2      | Killed Natasha
  1772 | D:2      | Reached XP level 5. HP: 39/45 MP: 4/4
  1917 | D:3      | Found a shadowy altar of Dithmenos.
  2796 | D:4      | Reached XP level 6. HP: 51/51 MP: 5/5
  2896 | D:4      | Found a sand-covered staircase.
  2909 | Ossuary  | Entered an ossuary
  3021 | Ossuary  | Reached *** piety under Trog
  3126 | Ossuary  | Reached XP level 7. HP: 49/57 MP: 6/6
  3265 | Ossuary  | Reached skill level 10 in Axes
  3266 | Ossuary  | Noticed a silent spectre
  3904 | D:5      | Entered Level 5 of the Dungeon
  4206 | D:5      | Reached XP level 8. HP: 59/64 MP: 7/7
  5262 | D:6      | Found a white marble altar of Elyvilon.
  5286 | D:6      | Found an ancient bone altar of Kikubaaqudgha.
  5762 | D:6      | Gained mutation: You are robust. (+10% HP) [potion of
                  | mutation]
  5762 | D:6      | Gained mutation: Your mind is acute. (Int +4, Str/Dex -1)
                  | [potion of mutation]
  5763 | D:6      | Lost mutation: Your mind is acute. (Int +4, Str/Dex -1)
                  | [potion of mutation]
  5763 | D:6      | Lost mutation: You are robust. (+10% HP) [potion of
                  | mutation]
  5763 | D:6      | Gained mutation: You occasionally lose the ability to read
                  | scrolls when taking damage. [potion of mutation]
  5763 | D:6      | Gained mutation: Your flesh is heat resistant. (rF+)
                  | [potion of mutation]
  5965 | D:7      | Found a staircase to the Ecumenical Temple.
  5994 | D:7      | Reached **** piety under Trog
  6260 | D:7      | Reached skill level 3 in Armour
  6502 | D:7      | Found Kocac's Weapon Shop.
  6554 | D:7      | Reached XP level 9. HP: 70/70 MP: 8/8
  6569 | D:7      | Found a radiant altar of Vehumet.
  6573 | D:7      | Found a shimmering blue altar of Sif Muna.
  6838 | D:7      | Reached skill level 4 in Armour
  6846 | D:7      | Reached skill level 5 in Armour
  7021 | D:8      | Reached skill level 6 in Armour
  7317 | D:8      | Reached skill level 7 in Armour
  7444 | D:8      | Paralysed by a hornet for 3 turns
  7452 | D:8      | Paralysed by a hornet for 2 turns
  7462 | D:8      | Reached skill level 8 in Armour
  7670 | D:8      | Found an iron altar of Okawaru.
  8198 | D:9      | Reached skill level 9 in Armour
  8520 | D:9      | Reached skill level 10 in Armour
  8604 | D:9      | Reached ***** piety under Trog
  9168 | D:9      | Found Emipnits's Armour Boutique.
  9188 | D:9      | Reached XP level 10. HP: 67/77 MP: 9/9
  9252 | D:9      | Found a staircase to the Orcish Mines.
  9286 | D:9      | Bought a +2 chain mail of poison resistance for 240 gold
                  | pieces
  9302 | D:9      | Found a hazy altar of Hepliaklqana.
  9631 | D:9      | Identified the +11 dagger "Madghara" {freeze, rF- Dex+5}
  9698 | D:9      | Reached skill level 11 in Armour
  9904 | D:10     | Entered Level 10 of the Dungeon
 10058 | D:10     | Reached skill level 12 in Armour
 10206 | D:10     | Noticed a two-headed ogre
 10239 | D:10     | Killed a two-headed ogre
 10250 | D:10     | Reached skill level 13 in Armour
 10383 | D:10     | Noticed an orange crystal statue
 10389 | D:10     | Noticed a manticore
 10719 | D:11     | Found a staircase to the Lair.
 10732 | D:11     | Reached skill level 14 in Armour
 10933 | D:11     | Reached skill level 15 in Armour
 10933 | D:11     | Reached XP level 11. HP: 41/82 MP: 10/10
 11116 | D:11     | Found Ahutudon's Book Shoppe.
 11328 | D:11     | Noticed a seven-headed hydra
 11337 | D:11     | Killed a three-headed hydra
 11667 | D:11     | Noticed a six-headed hydra
 11675 | D:11     | Killed a one-headed hydra
 11682 | D:11     | Reached skill level 16 in Armour
 12374 | D:12     | Noticed a six-headed hydra
 12392 | D:12     | Killed a one-headed hydra
 12393 | D:12     | Reached skill level 17 in Armour
 12635 | D:12     | Noticed a boulder beetle
 12649 | D:12     | Noticed a white ugly thing
 12661 | D:12     | Noticed a cyan ugly thing
 12707 | D:12     | Killed a boulder beetle
 12878 | D:12     | Killed a white ugly thing
 12883 | D:12     | Reached skill level 18 in Armour
 12935 | D:12     | Killed a cyan ugly thing
 13160 | D:12     | Found a portal to a secret trove of treasure.
 13814 | Lair:1   | Entered Level 1 of the Lair of Beasts
 13823 | Lair:1   | Reached XP level 12. HP: 73/90 MP: 11/11
 14094 | Lair:1   | You fall into a shaft and drop 1 floor!
 14176 | Lair:2   | Reached skill level 19 in Armour
 14839 | Lair:1   | Found a runed translucent door.
 14842 | Lair:1   | Noticed FireHeadGirl's ghost (novice DgAM)
 14856 | Lair:1   | Killed FireHeadGirl's ghost
 14885 | Lair:1   | Noticed a five-headed hydra
 14899 | Lair:1   | Killed a one-headed hydra
 15272 | Lair:1   | Noticed Nergalle
 15300 | Lair:1   | Killed Nergalle
 15301 | Lair:1   | Reached skill level 20 in Armour
 16069 | Lair:2   | Reached skill level 5 in Dodging
 16422 | Lair:2   | Noticed a fire dragon
 16440 | Lair:2   | Killed a fire dragon
 16545 | Lair:2   | Identified the +6 trident of Xom's Castigation {holy,
                  | rPois}
 16953 | Lair:3   | Found a staircase to the Shoals.
 17054 | Lair:3   | Noticed a six-headed hydra
 17078 | Lair:3   | Killed a one-headed hydra
 17207 | Lair:3   | Found a large runed translucent door.
 17207 | Lair:3   | Found a large runed translucent door.
 17208 | Lair:3   | Noticed turdburglar's ghost (journeyman VSBr)
 17312 | Lair:3   | Killed turdburglar's ghost
 17500 | Lair:3   | Reached XP level 13. HP: 61/95 MP: 12/12
 17719 | Lair:3   | Found a hole to the Spider Nest.
 18155 | Lair:4   | Reached skill level 10 in Dodging
 18617 | Lair:4   | Found a staircase to the Slime Pits.
 19302 | Slime:1  | Entered Level 1 of the Pits of Slime
 19304 | Slime:1  | Noticed a quicksilver ooze
 19321 | Slime:1  | Killed a quicksilver ooze
 19614 | Lair:5   | Entered Level 5 of the Lair of Beasts
 19614 | Lair:5   | Noticed Nessos
 19623 | Lair:5   | Killed Nessos
 20236 | Lair:5   | Noticed Urug
 20257 | Lair:5   | Slain by Urug

Illustrated notes

Levels and vault maps discovered:
D:1:      nicolae_arrival_washed_ashore, layout_rooms,
          hellmonk_ecumenical_altar_heavens_door, minmay_gold_behind_fungi
D:2:      layout_basic, minmay_misc_feat_enclosed, uniq_natasha
D:3:      layout_basic, nicolae_dithmenos_through_a_glass_darkly
D:4:      layout_basic, nicolae_ossuary_entry_giza, minmay_vboxes
D:5:      layout_cave_pods
D:6:      layout_basic, elyvilon_altar_1, tgw_kikubaaqudgha, kennysheep_path_1
D:7:      layout_gridville, minitemple, temple_fountains, serial_shops,
          nicolae_shop_bloodbath_and_beyond
D:8:      layout_gridville, okawaru_trees_2
D:9:      layout_stronghold, mainiacjoe_overflow_alcove_2, orc_david_3,
          minmay_variable_closet
D:10:     layout_basic, minivault_15, small_statue_intersection
D:11:     layout_loops_cross, due_lair_maze_entry_diamond, serial_shops,
          nicolae_shop_temple_entry_statues_fountains, st_stairs_3
D:12:     layout_roguey, nicolae_trove_entry_free_sample, minivault_16,
          minmay_mirror_moons_of_madness
D:13:     layout_basic
Lair:1:   layout_loops_ring, ebering_ghost_reflecting_pool, serial_bayou_pond_c,
          serial_bayou_shore_a, uniq_nergalle
Lair:2:   dragon1_lemuel, layout_cave_pods, gauntlet_entry_generic,
          minivault_25, infiniplex_staircase_pool, grunt_megastairs_2
Lair:3:   layout_regular_city, minmay_shoals_entry_centaurs,
          spider_nest_entry_webs, ebering_ghost_disaster_area,
          grunt_megastairs_4
Lair:4:   layout_cave_pods, dpeg_slime_entry_corner
Lair:5:   hellmonk_lair_end_abyssal_woods, layout_hall_layers,
          serial_bayou_pond_d, infiniplex_staircase_pool_2, grunt_megastairs_1,
          uniq_nessos, uniq_urug
Slime:1:  layout_caves, cheibrodos_slime_lost_civilization_7

Skill      XL: |  1  2  3  4  5  6  7  8  9 10 11 12 13 |
---------------+----------------------------------------+-----
Axes           | 4 5 6 7 8 9 11 14 | 14.0
Armour         | 3 10 15 18 20 | 20.1
Dodging        | 9 12 | 12.3
Fighting       | |  3.6

Action                   |  1- 3 |  4- 6 |  7- 9 | 10-12 | 13-15 || total
-------------------------+-------+-------+-------+-------+-------++-------
Melee: Hand axe          |    40 |   144 |   332 |   556 |   196 ||  1268
       Headbutt          |     8 |    20 |    48 |   128 |    56 ||   260
       Punch             |       |     1 |     4 |    11 |     2 ||    18
Invok: Berserk           |     1 |     2 |     6 |    11 |     2 ||    22
       Brothers in Arms  |       |       |       |     4 |       ||     4
       Trog's Hand       |       |       |       |     1 |       ||     1
  Use: Scroll            |       |     9 |    12 |     8 |       ||    29
       Potion            |       |       |     5 |     3 |       ||     8
 Stab: Distracted        |       |       |       |     1 |       ||     1
Armor: Leather armour    |     5 |       |       |       |       ||     5
       Ring mail         |     5 |    45 |   135 |       |       ||   185
       Chain mail        |       |       |       |   262 |    77 ||   339
Dodge: Dodged            |    22 |    81 |   123 |   193 |    63 ||   482
Block: Other             |       |       |       |    23 |    32 ||    55
       Reflection        |       |       |       |     1 |     1 ||     2
